 Dungeon Crawl Stone Soup version 0.28-a0-425-gd0eccab798 (webtiles) character file.

Game seed: 359722464254135487

603 rogsnak the Conjurer (level 7, 0/51 (52) HPs)
             Began as a White Draconian Fire Elementalist on Sept 9, 2021.
             Succumbed to a kobold's poison
             ... in a sewer.
             The game lasted 00:07:21 (3291 turns).

rogsnak the Conjurer (DrFE)                         Turns: 3291, Time: 00:07:21

HP:   0/51 (52)     AC:  6    Str: 10    XL:     7   Next: 18%
MP:   11/22         EV: 12    Int: 18    God:
Gold: 157           SH:  0    Dex: 11    Spells: 11/14 levels left

rFire   . . .      SeeInvis +   k - +3 whip
rCold   + . .      Faith    .   (no shield)
rNeg    . . .      Spirit   .   (armour unavailable)
rPois   .          Reflect  .   (helmet restricted)
rElec   .          Harm     .   (no cloak)
rCorr   .          Rampage  .   (no gloves)
Will    .....                   (no boots)
Stlth   ++........              o - amulet of magic regeneration
HPRegen 0.17/turn               h - ring of see invisible
MPRegen 0.43/turn               c - ring of magical power

@: lethally poisoned (0 -> -12), short of breath, lightly drained
A: breathe frost, AC +6, unfitting armour, cold resistance 1, cold-blooded
a: Breathe Frost


You were in a sewer.
You visited 1 branch of the dungeon, and saw 3 of its levels.
You also visited: Sewer.

You collected 157 gold pieces.

Inventory:

Hand Weapons
 b - a +0 spear
 k - a +3 whip (weapon)
Missiles
 i - 18 poisoned darts
Jewellery
 c - a ring of magical power (right hand)
 h - a ring of see invisible (left hand)
 o - an amulet of magic regeneration (around neck)
Scrolls
 d - a scroll of immolation
 e - 2 scrolls of teleportation {unknown}
 j - a scroll of enchant weapon {unknown}
 m - a scroll of enchant armour {unknown}
 n - a scroll of identify {unknown}
Potions
 a - 2 potions of haste {unknown}
 f - a potion of heal wounds {unknown}
 g - 2 potions of curing {unknown}
 l - 2 potions of flight {unknown}


   Skills:
 + Level 1.0 Fighting
 + Level 2.7 Dodging
 - Level 1.7 Stealth
 + Level 4.1 Spellcasting
 * Level 4.8 Conjurations
 + Level 3.8 Fire Magic


You had 11 spell levels left.
You knew the following spells:

 Your Spells              Type           Power      Damage    Failure   Level
a - Foxfire               Conj/Fire      76%        2x1d7     2%          1
b - Scorch                Fire           34%        2d6       4%          2

Your spell library contained the following spells:

 Spells                   Type           Power      Damage    Failure   Level
 Conjure Flame            Conj/Fire      19%        6-21      8%          3
 Inner Flame              Hex/Fire       10%        N/A       21%         3
 Flame Wave               Conj/Fire      19%        3d5       24%         4


Dungeon Overview and Level Annotations

Branches:
Dungeon (3/15)              Sewer (1/1)

Altars:
Elyvilon

Shops:
D:1 ![(


Innate Abilities, Weirdness & Mutations

You can breathe waves of freezing cold which knock back foes.
Your icy white scales are hard. (AC +6)
You cannot fit into any form of body armour.
Your flesh is cold resistant. (rC+)
You are cold-blooded and may be slowed by cold attacks.


Message History

You feel drained.
* * * LOW HITPOINT WARNING * * *
Unknown command.
You hit the wight but do no damage.
The wight is almost destroyed.
The foxfire hits the wight.
The wight is burned terribly!
You destroy the wight!
Unknown command.
A kobold comes into view. It is wielding a +0 short sword.
Your foxfire dissipates!
A kobold comes into view.
It is wielding a +0 dagger and quivering poisoned darts.
The kobold moves out of view.
Things that are here:
a +0 quarterstaff; a +0 robe You close the door.
Something unseen opens the door.
The kobold throws a poisoned dart.
The poisoned dart hits you!
You are poisoned.
Press: ? - help, Shift-Dir - straight line, f - kobold
Aim: a kobold, wielding a +0 dagger and quivering poisoned darts You exhale a wave of freezing cold.
The freezing breath misses the kobold.
* * * LOW HITPOINT WARNING * * *
You feel very sick.
The kobold throws a poisoned dart.
The poisoned dart hits you!
You are lethally poisoned!
Casting: Foxfire (safe; 2% risk of failure)
Confirm with . or Enter, or press ? or * to list all spells.
Flames lash the kobold.
You kill the kobold!
* * * LOW HITPOINT WARNING * * *
You feel very sick.
Unknown command.
Casting: Scorch (safe; 4% risk of failure)
Confirm with . or Enter, or press ? or * to list all spells.
Flames lash the kobold.
You kill the kobold!
* * * LOW HITPOINT WARNING * * *
You feel very sick.
Unknown command.
You die...

####################
#≈≈.+.≈≈≈≈≈≈≈≈≈≈≈≈≈≈
#≈..#.≈≈≈≈≈≈≈≈≈≈≈≈≈≈ ≈..
#≈≈.#.≈≈≈≈≈≈≈≈≈≈≈≈≈≈ ≈..
#≈≈.#.≈≈≈≈≈≈≈≈≈≈≈≈≈≈ #'''
#≈≈@#...≈≈≈≈≈≈≈≈≈≈≈≈ .....
#≈..#...≈≈≈≈≈≈≈≈≈≈≈≈
..⌠.K###.####.###≈##≈##≈##
⌠.....#...#≈≈.).).........
.._.⌠)))..≈≈≈≈..).........
⌠.....#...#≈≈.............
..)..###)####.#≈###≈≈#≈###
..... #≈≈)#....≈≈≈≈≈≈≈≈≈≈
#''' #≈÷)#..≈≈≈≈≈≈≈≈≈≈≈≈≈


There were no monsters in sight!

Vanquished Creatures
  Grinder (Sewer)
  A necrophage (Sewer)
  2 wights (Sewer)
  Jessica (D:2)
  Terence (D:2)
  4 adders
  6 shadow imps (Sewer)
  3 ufetubi (Sewer)
  3 worms (D:2)
  2 dart slugs (D:1)
  An orc (D:3)
  5 endoplasms
  7 giant cockroaches
  2 hobgoblins
  6 jackals
  10 ball pythons
  6 bats
  4 frilled lizards
  4 goblins
  19 kobolds
  5 rats
93 creatures vanquished.

Vanquished Creatures (others)
  305 foxfires
305 creatures vanquished.

Grand Total: 398 creatures vanquished

Notes
Turn   | Place    | Note
-------+----------+-------------------------------------------
     0 | D:1      | rogsnak the Draconian Fire Elementalist began the quest for
                  | the Orb.
     0 | D:1      | Reached XP level 1. HP: 14/14 MP: 3/3
   352 | D:1      | Found Tore's Antique Weapon Shoppe.
   500 | D:1      | Found a faded altar of an unknown god.
   519 | D:1      | Reached XP level 2. HP: 15/20 MP: 5/5
   856 | D:1      | Found Alarel's Distillery.
   879 | D:1      | Learned a level 2 spell: Scorch
  1230 | D:1      | Reached XP level 3. HP: 26/26 MP: 6/6
  1359 | D:1      | Found Vukhlohoa's Armour Boutique.
  1489 | D:2      | Noticed Jessica
  1497 | D:2      | Killed Jessica
  1644 | D:2      | Reached XP level 4. HP: 34/34 MP: 1/7
  1758 | D:2      | Noticed Terence
  1790 | D:2      | Killed Terence
  2499 | D:3      | Found a white marble altar of Elyvilon.
  2643 | D:3      | Reached XP level 5. HP: 32/39 MP: 9/9
  2648 | D:3      | Found a glowing drain.
  2663 | Sewer    | Entered a sewer
  2920 | Sewer    | Found an ancient bone altar of Kikubaaqudgha.
  2930 | Sewer    | Reached XP level 6. HP: 46/46 MP: 11/11
  2931 | Sewer    | Noticed Grinder
  3273 | Sewer    | Killed Grinder
  3274 | Sewer    | Reached skill level 1 in Fighting
  3274 | Sewer    | Your scales start taking on an icy white colour.
  3274 | Sewer    | Reached XP level 7. HP: 39/52 MP: 13/13
  3274 | Sewer    | Gained mutation: Your flesh is cold resistant. (rC+) [White
                  | Draconian growth]
  3291 | Sewer    | Succumbed to a kobold's poison

Illustrated notes

Levels and vault maps discovered:
D:1:      mrwooster_arrival_statue_3, layout_basic,
          hellmonk_ecumenical_altar_blasted, serial_shops, shop, shop,
          nicolae_shop_statue_plus, columned_hall_lemuel
D:2:      layout_loops_ring, uniq_terence, uniq_jessica
D:3:      layout_loops_ring, amcnicky_altar_gilded,
          cheibrodos_sewer_entry_sluice
Sewer:    kennysheep_sewer_church

Skill      XL: |  1  2  3  4  5  6 |
---------------+-------------------+-----
Dodging        | 2 |  2.7
Conjurations   | 2 3 4 |  4.8
Spellcasting   | 3 4 |  4.1
Fire Magic     | 4 3 |  3.8
Fighting       | 1 |  1.0
Stealth        | |  1.7

Action                   |  1- 3 |  4- 6 |  7- 9 || total
-------------------------+-------+-------+-------++-------
Melee: Spear             |    31 |       |       ||    31
       Unarmed           |     6 |       |       ||     6
       Tailslap          |     2 |       |       ||     2
       Whip              |       |    27 |     2 ||    29
 Cast: Foxfire           |    63 |   119 |     5 ||   187
       Scorch            |     1 |     4 |     3 ||     8
 Abil: Breathe Frost     |       |       |     1 ||     1
 Stab: Sleeping          |       |     1 |       ||     1
Armor: Skin              |    12 |    22 |     1 ||    35
Dodge: Dodged            |    23 |    32 |     1 ||    56

Table legend: (Time is in decaauts)
 A = Elapsed time spent in this place.
 B = Non-inter-level travel time spent in this place.
 C = Inter-level travel time spent in this place.
 D = Time resting spent in this place.
 E = Time spent auto-exploring this place.
 F = Levels seen in this place.
 G = Mean time per level.
                   A        B        C        D        E       F      G
               +--------+--------+--------+--------+--------+-----+--------+
         Total |   3310 |   3253 |     57 |    676 |   1780 |   4 |  827.5 |
       Dungeon |   2669 |   2612 |     57 |    420 |   1707 |   3 |  889.7 |
         Sewer |    641 |    641 |      0 |    256 |     73 |   1 |  641.0 |
               +--------+--------+--------+--------+--------+-----+--------+

Top non-repeatable levels by time:
     D:1: 1421 daAuts
     D:2: 1081 daAuts
   Sewer: 641 daAuts
     D:3: 165 daAuts
